 Dungeon Crawl Stone Soup version 0.30.0-18-gc0e69614cb (webtiles) character file.

Game seed: 7929701598496176749

248 monsoonserge the Covered (level 5, -9/66 HPs)
             Began as an Armataur Warper on May 24, 2023.
             Splashed by a jelly's acid (11 damage)
             ... on level 4 of the Dungeon.
             The game lasted 00:12:37 (3539 turns).

monsoonserge the Covered (Armataur Warper)          Turns: 3539, Time: 00:12:37

Health: -9/66      AC:  3    Str: 16    XL:     5   Next: 86%
Magic:  6/8        EV: 14    Int: 16    God:
Gold:   152        SH:  0    Dex:  9    Spells: 3/8 levels left

rFire   . . .        k - +2 short sword (speed)
rCold   . . .        (no shield)
rNeg    . . .        b - +0 leather armour
rPois   .            E - +0 helmet
rElec   .            C - +0 cloak
rCorr   .            (no gloves)
SInv    .            (no barding)
Will    .....        (no amulet) Stlth
                     l - +5 ring of evasion
HPRegen 0.31/turn    w - +4 ring of protection
MPRegen 0.11/turn

%: roll
@: berserking, lethally poisoned (-9 -> -12), corroded, very quick
A: large, rugged brown scales 3, deformed body, armoured tail, roll, long
tongue, awkward tongue
a: no special abilities


You were on level 4 of the Dungeon.
You visited 1 branch of the dungeon, and saw 4 of its levels.
You also visited: Ossuary.

You collected 191 gold pieces.
You spent 39 gold pieces at shops.

Inventory:

Hand Weapons
 a - a +0 mace
 k - a +2 short sword of speed (weapon)
Missiles
 d - 7 boomerangs of dispersal
 e - 42 stones (quivered)
 L - 6 poisoned darts
Armour
 b - a +0 leather armour (worn)
 f - a +0 ring mail
 s - a +0 scale mail
 C - a +0 cloak (worn)
 E - a +0 helmet (worn)
Magical Staves
 K - a staff of air
Jewellery
 l - a +5 ring of evasion (left hand)
 w - a +4 ring of protection (right hand)
 J - a ring of wizardry
Wands
 A - a wand of polymorph (2)
 B - a wand of paralysis (14)
Scrolls
 c - 2 scrolls of blinking
 g - 4 scrolls of enchant weapon {unknown}
 i - 3 scrolls of identify {unknown}
 j - 2 scrolls of fear {unknown}
 m - a scroll of acquirement {unknown}
 o - 2 scrolls of magic mapping {unknown}
 p - 2 scrolls of amnesia {unknown}
 q - 3 scrolls of teleportation
 r - a scroll of silence {unknown}
 x - a scroll of poison {unknown}
 y - a scroll of vulnerability {unknown}
 D - 2 scrolls of fog {unknown}
 F - 2 scrolls of immolation
 H - a scroll of enchant armour {unknown}
Potions
 h - 2 potions of might {unknown}
 n - 2 potions of berserk rage
 t - 3 potions of ambrosia {unknown}
 u - a potion of mutation
 v - 2 potions of attraction {unknown}
 z - a potion of haste {unknown}
 G - 3 potions of heal wounds {unknown}
 I - a potion of lignification {unknown}


   Skills:
 + Level 2.7 Fighting
 - Level 2.0 Short Blades
 + Level 2.0 Maces & Flails
 + Level 1.0 Throwing
 * Level 3.8 Armour
 + Level 2.3 Dodging
 + Level 2.0 Spellcasting
 + Level 3.1 Translocations
 - Level 1.0 Evocations


You had 3 spell levels left.
You knew the following spells:

 Your Spells              Type           Power      Damage    Failure   Level
a - Blink                 Tloc           22%        N/A       10%         2
b - Teleport Other        Tloc           11%        N/A       21%         3

Your spell library contained the following spells:

 Spells                   Type           Power      Damage    Failure   Level
 Lesser Beckoning         Tloc           22%        N/A       10%         2
 Sublimation of Blood     Necr           1%         N/A       36%         2
 Wereblood                Tmut           1%         N/A       36%         2
 Portal Projectile        Hex/Tloc       12%        N/A       36%         3
 Vhi's Electric Charge    Tloc/Air       12%        N/A       36%         3
 Tukima's Dance           Hex            1%         N/A       58%         3
 Manifold Assault         Tloc           11%        N/A       54%         4
 Blade Hands              Tmut           0%         N/A       100%        5
 Summon Hydra             Summ           0%         N/A       100%        7


Dungeon Overview and Level Annotations

Branches:
Dungeon (4/15)            Ossuary (visited)
 Temple: D:4-7

Altars:
Ashenzari
Ru

Shops:
D:1 =   D:2 ?


Innate Abilities, Weirdness & Mutations

You are completely covered in rugged brown scales. (AC +3, +7% HP)
Armour fits poorly on your strangely shaped body.
You have a long armoured tail.
You roll when moving toward enemies. (Rampage)
Your long tongue fully drains potion bottles. (2x potion effects)
Your tongue gives you trouble enunciating. (1.5x scroll delay)


Message History

You blink.
An adder comes into view.
The adder hisses angrily.
Throw: 44 stones
Press: ? - help, Q - select action, (/) - cycle Shift-Dir - straight line, f - jelly
Aim: a jelly (severely wounded, 88% to hit)
You throw a stone.
The stone hits the jelly but does no damage.
The jelly is severely wounded.
Throw: 43 stones
Press: ? - help, Q - select action, (/) - cycle Shift-Dir - straight line, f/p - jelly
Aim: a jelly (severely wounded, 88% to hit)
You throw a stone.
The stone hits the jelly but does no damage.
The jelly is severely wounded.
The jelly attacks as you move away! The jelly hits you.
* * * LOW HITPOINT WARNING * * *
You are splashed with acid.
* * * LOW HITPOINT WARNING * * *
Casting: Blink (safe; 10% risk of failure)
Confirm with . or Enter, or press ? or * to list all spells.
You are still too unstable to blink.
Unknown command.
You hit the jelly but do no damage.
Your hands burn!
* * * LOW HITPOINT WARNING * * *
You tail-slap the jelly, but do no damage.
The jelly is severely wounded.
The jelly barely misses you.
It was a potion of berserk rage.
A red film seems to cover your vision as you go berserk!
You feel yourself moving faster!
You feel mighty!
You slurp down every last drop of the potion of berserk rage!
You feel stable enough to blink again. The adder bites you.
* * * LOW HITPOINT WARNING * * *
You are poisoned.
The adder poisons you! The jelly hits you.
* * * LOW HITPOINT WARNING * * *
You are splashed with acid!
You die...

#..##.###.####..##....#######
#+###.# #.####..##.....# ...
#.....#......# ....
#...........## .....
#.....#.....## .....
#.....#.....)# ###...##...|.#
#######.####....##
.......@J...>...#
.......S........+
.###.##...##....# #.
###.##....# #. ........# # .
.......# .. .......# .....


You could see a jelly and an adder.

Vanquished Creatures
  2 centaur zombies (Ossuary)
  6 mummies
  A gnoll (D:1)
  An adder (D:2)
  An ufetubus (D:3)
  A worm (D:2)
  A dart slug (D:1)
  4 orcs (D:2)
  4 bats
  7 endoplasms
  5 hobgoblins
  5 jackals
  2 kobolds
  4 quokkas
  2 ball pythons
  A gnoll zombie (Ossuary)
  17 goblins
  A goblin zombie (Ossuary)
  2 hobgoblin zombies (Ossuary)
  A kobold zombie (Ossuary)
  An orc zombie (Ossuary)
  5 rats
74 creatures vanquished.

Notes
Turn   | Place    | Note
-------+----------+-------------------------------------------
     0 | D:1      | monsoonserge the Armataur Warper began the quest for the
                  | Orb.
     0 | D:1      | Reached XP level 1. HP: 18/18 MP: 3/3
   349 | D:1      | Reached XP level 2. HP: 12/25 MP: 5/5
   352 | D:1      | Learned a level 2 spell: Blink
   568 | D:1      | Found Mucvy's Jewellery Shop.
  1008 | D:2      | Reached XP level 3. HP: 26/31 MP: 6/6
  1079 | D:2      | Found a broken altar of Ashenzari.
  1140 | D:2      | Found a faded altar of an unknown god.
  1316 | D:2      | Reached skill level 1 in Short Blades
  1321 | D:2      | Learned a level 3 spell: Teleport Other
  1650 | D:2      | Reached XP level 4. HP: 37/38 MP: 7/7
  1823 | D:2      | Found The Oracle's Delphic Readings.
  1827 | D:2      | Bought a scroll of teleportation for 39 gold pieces
  2201 | D:3      | Found a sacrificial altar of Ru.
  3003 | D:4      | Found a sand-covered staircase.
  3017 | Ossuary  | Entered an ossuary
  3121 | Ossuary  | Reached XP level 5. HP: 44/44 MP: 8/8
  3148 | Ossuary  | Reached skill level 1 in Throwing
  3277 | Ossuary  | Reached skill level 1 in Evocations
  3539 | D:4      | HP: 2/66 [jelly (2)]
  3539 | D:4      | Splashed by a jelly's acid

Illustrated notes

Levels and vault maps discovered:
D:1:      elethiomel_arrival_maze, layout_basic, serial_shops,
          nicolae_shop_just_a_little_nook, minmay_misc_feat_columns
D:2:      kennysheep_the_goblin_king, layout_rooms, basic_altar, serial_forest,
          infiniplex_forest_3_way, infiniplex_forest_clump_large,
          infiniplex_forest_end_double, infiniplex_forest_straight_4,
          infiniplex_forest_end_1, infiniplex_forest_3_way,
          shapermc_ecumenical_altar_totnotflames, nicolae_nh_oracle_at_delphi
D:3:      layout_basic, nicolae_ru_awakened_eye, serial_aquarium,
          aquarium_bridge_long_joined [aquarium_subvault_wall,
          aquarium_subvault_bridge, aquarium_subvault_bridge,
          aquarium_subvault_wall, aquarium_subvault_window,
          aquarium_subvault_window], aquarium_bridge_straight
          [aquarium_subvault_bridge, aquarium_subvault_window,
          aquarium_subvault_bridge, aquarium_subvault_wall],
          aquarium_window_fake, aquarium_window_1, aquarium_window_1,
          aquarium_view_2g, aquarium_balcony_1a, aquarium_pool_split
D:4:      layout_gridville, gup_ossuary_entry_pyramid, kennysheep_windowed_goal

Skill      XL: |  1  2  3  4  5 |
---------------+----------------+-----
Spellcasting   | 2 |  2.0
Fighting       | 2 |  2.7
Armour         | 2 3 |  3.8
Short Blades   | 1 2 |  2.0
Maces & Flails | 2 |  2.0
Dodging        | 2 |  2.3
Throwing       | 1 |  1.0
Evocations     | 1 |  1.0
Translocations | |  3.1

Action                     |  1- 3 |  4- 6 || total
---------------------------+-------+-------++-------
  Melee: Mace              |    16 |       ||    16
         Tailslap          |    14 |    29 ||    43
         Short sword       |   121 |   177 ||   298
         Punch             |     2 |     2 ||     4
  Throw: Stone             |     2 |    14 ||    16
   Cast: Blink             |       |     1 ||     1
    Use: Potion            |       |     1 ||     1
 Armour: Leather armour    |    29 |    28 ||    57
  Dodge: Dodged            |    44 |    66 ||   110
